 Dungeon Crawl Stone Soup version 0.19-a0-1919-g10983cd (webtiles) character file.

258 Dipster the Chopper (level 5, 0/40 HPs)
             Began as a Demonspawn Gladiator on Oct 23, 2016.
             Was an Initiate of Okawaru.
             Slain by an iguana (10 damage)
             ... on level 4 of the Dungeon.
             The game lasted 00:05:59 (3853 turns).

Dipster the Chopper (Demonspawn Gladiator)          Turns: 3853, Time: 00:05:59

Health: 0/40       AC:  8    Str: 17    XL:     5   Next: 94%
Magic:  6/6        EV: 12    Int:  9    God:    Okawaru [......]
Gold:   235        SH:  0    Dex: 15    Spells: 0 memorised, 4 levels left

rFire  + . .     SeeInvis .     a - +1 war axe
rCold  + + .     Gourm    .     r - +3 ring mail of Lifelessness {rF+ rC++ rN+}
rNeg   + + .     Faith    .     (no shield)
rPois  .         Spirit   .     (helmet restricted)
rElec  .         Reflect  .     (no cloak)
rCorr  .         Harm     .     (no gloves)
MR     .....                    (no boots)
Stlth  +.........               (no amulet)
                                v - ring of positive energy
                                s - +2 ring of dexterity

@: no status effects
A: antennae 1
a: Renounce Religion


You were on level 4 of the Dungeon.
You worshipped Okawaru.
Okawaru was noncommittal.
You were hungry.

You visited 1 branch of the dungeon, and saw 4 of its levels.

You collected 235 gold pieces.

Inventory:

Hand Weapons
 a - a +1 war axe (weapon)
 q - a +0 flail
 G - a cursed -2 flail
Missiles
 d - 3 throwing nets (quivered)
 n - 182 stones
 w - 27 sling bullets
Armour
 b - a +0 leather armour
 c - a +0 helmet
 h - a +0 ring mail
 k - a +0 scale mail
 r - the +3 ring mail of Lifelessness (worn) {rF+ rC++ rN+}
   (You found it on level 1 of the Dungeon)

   It protects you from fire.
   It greatly protects you from cold.
   It protects you from negative energy.
 t - a +1 ring mail of cold resistance
Jewellery
 s - a +2 ring of dexterity (left hand)
 v - a ring of positive energy (right hand)
Wands
 x - a wand of iceblast (5/15)
Scrolls
 e - 2 scrolls of recharging
 g - 3 scrolls of remove curse
 p - a scroll of enchant armour {unknown}
 u - 4 scrolls of amnesia
 y - a scroll of immolation {unknown}
 B - a scroll of blinking {unknown}
 C - a scroll of identify
 D - a scroll of enchant weapon
 E - a scroll of teleportation {unknown}
Potions
 j - a potion of magic {unknown}
 l - a potion of degeneration
 m - 3 potions of curing
 o - a potion of brilliance {unknown}
Comestibles
 f - 3 bread rations
 z - 2 meat rations
 A - a beef jerky


   Skills:
 + Level 2.9 Fighting
 * Level 4.8 Axes
 - Level 1.7 Throwing
 + Level 1.7 Armour
 + Level 3.2 Dodging
 + Level 1.5 Invocations


You had 4 spell levels left.
You didn't know any spells.

Dungeon Overview and Level Annotations

Branches:
Dungeon (4/15)
 Temple: D:4-7

Altars:
Dithmenos
Gozag
Okawaru
Sif Muna


Innate Abilities, Weirdness & Mutations

You have a pair of small antennae on your head.


Message History

You hit the iguana.
The iguana is lightly wounded.
The iguana misses you.
You slash the iguana!
The iguana is severely wounded.
The iguana closely misses you.
You closely miss the iguana.
The iguana is severely wounded.
The iguana bites you but does no damage.
The iguana bites you!
* * * LOW HITPOINT WARNING * * *
You feel much better. The iguana bites you!
You closely miss the iguana.
The iguana is severely wounded.
The iguana bites you.
* * * LOW HITPOINT WARNING * * *
You hit the iguana.
The iguana is almost dead.
The iguana bites you!
You die...

....#####........
# #.####### #.#
#.# #.# #.#
#.##### #.....#
#####@# #l#
........#
.#####..# #...
.... ##.#.# #. .#
.. ..


You could see an iguana.

Vanquished Creatures
  A scorpion (D:3)
  2 worker ants (D:4)
  5 gnolls
  5 adders
  3 worms
  A dart slug (D:1)
  A leopard gecko (D:1)
  An orc (D:3)
  5 giant cockroaches
  11 goblins
  3 hobgoblins (D:3)
  10 kobolds
  2 quokkas
  4 bats
  3 frilled lizards
  7 rats
64 creatures vanquished.

Notes
Turn   | Place    | Note
-------+----------+-------------------------------------------
     0 | D:1      | Dipster the Demonspawn Gladiator began the quest for the Orb.
     0 | D:1      | Reached XP level 1. HP: 16/16 MP: 1/1
   104 | D:1      | Reached skill level 3 in Axes
   466 | D:1      | Gained mutation: You have a pair of small antennae on your head. [demonic ancestry]
   466 | D:1      | Reached XP level 2. HP: 8/22 MP: 2/2
  1243 | D:1      | Got an ichor-stained ring mail
  1252 | D:1      | Identified the +3 ring mail of Lifelessness {rF+ rC++ rN+} (You found it on level 1 of the Dungeon)
  1443 | D:2      | Reached XP level 3. HP: 27/27 MP: 3/3
  1938 | D:2      | Reached skill level 4 in Axes
  1995 | D:2      | Found a shadowy altar of Dithmenos.
  2262 | D:2      | Reached skill level 1 in Armour
  2262 | D:2      | Reached XP level 4. HP: 30/33 MP: 4/4
  2922 | D:3      | Reached XP level 5. HP: 34/39 MP: 5/5
  3084 | D:3      | Found an iron altar of Okawaru.
  3093 | D:3      | Became a worshipper of Warmaster Okawaru
  3360 | D:3      | Reached skill level 1 in Invocations
  3656 | D:3      | Found a deep blue altar of Sif Muna.
  3765 | D:4      | Found an opulent altar of Gozag.
  3853 | D:4      | Slain by an iguana

Vault maps used:
D:1:      dpeg_arrival_rooms_a, minivault_5, serial_bayou_ford_a
D:2:      grunt_dithmenos_smoke_and_mirrors, columned_hall_lemuel
D:3:      nicolae_overflow_crystal_walls, lemuel_blue_sif_altar, moated_statue,
          kennysheep_generic_room_5
D:4:      first_bread, serial_shops, shop, nicolae_gozag_seed_capital

Skill      XL: |  1  2  3  4  5 |
---------------+----------------+-----
Axes           | 3 4 |  4.8
Armour         | 1 |  1.7
Dodging        | 3 |  3.2
Invocations    | 1 |  1.5
Fighting       | |  2.9
Throwing       | |  1.7

Action                   |  1- 3 |  4- 6 || total
-------------------------+-------+-------++-------
Melee: War axe           |   109 |   130 ||   239
  Use: Scroll            |     5 |     3 ||     8
       Potion            |     1 |     1 ||     2
  Eat: Chunk             |     3 |     6 ||     9
Armor: Scale mail        |    14 |       ||    14
       Leather armour    |     2 |       ||     2
       Ring mail         |    23 |    45 ||    68
Dodge: Dodged            |    66 |   103 ||   169
